 Dungeon Crawl Stone Soup version 0.30-a0-568-g124715a40b (webtiles) character file.

Game seed: 17956848743741013039

71 BitJockey the Firebug (level 4, -1/24 HPs)
             Began as a Deep Elf Fire Elementalist on Dec 29, 2022.
             Slain by Robin
             ... wielding a +0 trident
              (8 damage)
             ... on level 2 of the Dungeon.
             The game lasted 00:07:38 (1507 turns).

BitJockey the Firebug (Deep Elf Fire Elementalist)  Turns: 1507, Time: 00:07:39

Health: -1/24      AC:  3    Str:  5    XL:     4   Next: 5%
Magic:  0/11       EV: 13    Int: 20    God:
Gold:   74         SH:  0    Dex: 17    Spells: 7/10 levels left

rFire   . . .      SeeInvis .    c - +0 dagger
rCold   . . .      Faith    .    (no shield)
rNeg    . . .      Spirit   .    a - +1 robe
rPois   .          Reflect  .    (no helmet)
rElec   .          Harm     .    (no cloak)
rCorr   .          Rampage  .    (no gloves)
Will    .....                    (no boots)
Stlth   ++                       (no amulet)
HPRegen 0.24/turn                (no ring)
MPRegen 0.12/turn                (no ring)

@: no status effects
A: no striking features
a: no special abilities


You were on level 2 of the Dungeon.
You visited 1 branch of the dungeon, and saw 2 of its levels.

You collected 74 gold pieces.

Inventory:

Hand Weapons
 c - a +0 dagger (weapon)
Armour
 a - a +1 robe (worn)
Jewellery
 g - a ring of ice
Wands
 h - a wand of paralysis (2)
Scrolls
 e - a scroll of noise {unknown}
 f - a scroll of fog
 j - a scroll of vulnerability {unknown}
 k - a scroll of identify {unknown}
 l - 2 scrolls of silence {unknown}
Potions
 b - a potion of magic
 d - a potion of curing {unknown}
 i - 2 potions of invisibility {unknown}


   Skills:
 + Level 0.1 Fighting
 + Level 2.6 Dodging
 + Level 2.7 Stealth
 + Level 3.6 Spellcasting
 * Level 2.8 Conjurations
 + Level 4.0 Fire Magic


You had 7 spell levels left.
You knew the following spells:

 Your Spells              Type           Power      Damage    Failure   Level
a - Foxfire               Conj/Fire      68%        2x1d7     3%          1
b - Scorch                Fire           38%        2d7       3%          2

Your spell library contained the following spells:

 Spells                   Type           Power      Damage    Failure   Level
 Inner Flame              Hex/Fire       11%        N/A       17%         3
 Kindle Blastsparks       Fire/Tloc/Air  18%        2d11      22%         3
 Flame Wave               Conj/Fire      17%        2d7       32%         4
 Tukima's Dance           Hex            3%         N/A       36%         3
 Passage of Golubria      Tloc           3%         N/A       78%         4
 Yara's Violent Unravell  Hex/Tmut       1%         3d3       98%         5


Dungeon Overview and Level Annotations

Branches:
Dungeon (2/15)

Altars:

Annotations:
D:2 Robin


Message History

The hobgoblin hits you.
Casting: Scorch (safe; 3% risk of failure)
Confirm with . or Enter, or press ? or * to list all spells.
Flames lash the hobgoblin.
The hobgoblin is almost dead.
The hobgoblin's fire resistance burns away.
The hobgoblin barely misses you.
A goblin comes into view. It is wielding a +0 club.
You hit the hobgoblin.
You kill the hobgoblin!
Casting: Scorch (safe; 3% risk of failure)
Confirm with . or Enter, or press ? or * to list all spells.
You conjure some foxfire!
Robin misses you.
A hobgoblin comes into view.
Your foxfire dissipates!
The foxfire hits Robin.
Robin is moderately wounded.
Robin points. "Kill!"
Aiming: Paralyse
Press: ? - help, Q - select action, (/) - cycle Shift-Dir - straight line, f - Robin
Aim: Robin, wielding a +0 trident, wearing a +0 animal skin and wearing a +0 helmet (moderately wounded, chance to affect: 57%) Robin resists with significant effort.
Robin hits you from afar with a +0 trident!
Robin misses you.
Casting: Foxfire (safe; 3% risk of failure)
Confirm with . or Enter, or press ? or * to list all spells.
Flames lash Robin.
Robin is almost dead.
Robin's fire resistance burns away.
Robin misses you.
Casting: Scorch (safe; 3% risk of failure)
Confirm with . or Enter, or press ? or * to list all spells.
You don't have enough magic to cast this spell.
Unknown command.
Casting: Scorch (safe; 3% risk of failure)
Confirm with . or Enter, or press ? or * to list all spells.
You conjure some foxfire!
Robin hits you with a +0 trident!
* * * LOW HITPOINT WARNING * * *
Your foxfire dissipates!
Robin attacks as you move away! Robin hits you with a +0 trident!
You die...

##########
#gg.g.g.g.
#g######## #@#....#
#.#.##.#########
#.#........#...#
#.#.##.###.#.#.###
##.####.#..........
#.......#.#####.###
#########......†#
######..# #..#


You could see Robin (combustible) and 2 goblins.

Vanquished Creatures
  2 adders (D:2)
  A dart slug (D:1)
  2 ball pythons (D:2)
  2 endoplasms (D:1)
  5 giant cockroaches
  6 goblins
  8 hobgoblins
  5 kobolds (D:1)
  2 quokkas (D:1)
  5 bats
  2 frilled lizards (D:1)
  7 rats
47 creatures vanquished.

Vanquished Creatures (collateral kills)
  3 foxfires (D:2)
3 creatures vanquished.

Vanquished Creatures (others)
  5 demonic plants (D:2)
  92 foxfires
  4 fungi (D:2)
  2 plants (D:2)
103 creatures vanquished.

Grand Total: 153 creatures vanquished

Notes
Turn   | Place    | Note
-------+----------+-------------------------------------------
     0 | D:1      | BitJockey the Deep Elf Fire Elementalist began the quest
                  | for the Orb.
     0 | D:1      | Reached XP level 1. HP: 10/10 MP: 6/6
   113 | D:1      | Reached XP level 2. HP: 14/15 MP: 4/8
   335 | D:1      | Learned a level 2 spell: Scorch
   463 | D:1      | Reached XP level 3. HP: 19/19 MP: 6/9
  1295 | D:2      | Found a faded altar of an unknown god.
  1486 | D:2      | Reached skill level 4 in Fire Magic
  1488 | D:2      | Reached XP level 4. HP: 24/24 MP: 8/11
  1492 | D:2      | Noticed Robin
  1507 | D:2      | Slain by Robin

Illustrated notes

Levels and vault maps discovered:
D:1:      lightli_arrival_maybe_door_vault, layout_rooms,
          amcnicky_mini_pool_small
D:2:      layout_basic, shapermc_ecumenical_altar_gd, minmay_liquid_box,
          minmay_pentomino_o4, uniq_robin

Skill      XL: |  1  2  3 |
---------------+----------+-----
Conjurations   | 2 |  2.8
Fire Magic     | 4 |  4.0
Fighting       | |  0.1
Dodging        | |  2.6
Stealth        | |  2.7
Spellcasting   | |  3.6

Action                   |  1- 3 |  4- 6 || total
-------------------------+-------+-------++-------
Melee: Dagger            |    25 |     3 ||    28
 Cast: Foxfire           |    59 |     4 ||    63
       Scorch            |     5 |     3 ||     8
Evoke: Wand              |       |     1 ||     1
  Use: Scroll            |     4 |       ||     4
Armor: Robe              |     8 |       ||     8
Dodge: Dodged            |    37 |     4 ||    41

Table legend: (Time is in decaauts)
 A = Elapsed time spent in this place.
 B = Non-inter-level travel time spent in this place.
 C = Inter-level travel time spent in this place.
 D = Time resting spent in this place.
 E = Time spent auto-exploring this place.
 F = Levels seen in this place.
 G = Mean time per level.
                   A        B        C        D        E       F      G
               +--------+--------+--------+--------+--------+-----+--------+
         Total |   1507 |   1449 |     58 |    172 |    967 |   2 |  753.5 |
       Dungeon |   1507 |   1449 |     58 |    172 |    967 |   2 |  753.5 |
               +--------+--------+--------+--------+--------+-----+--------+

Top non-repeatable levels by time:
     D:1: 797 daAuts
     D:2: 710 daAuts
